 Dungeon Crawl Stone Soup version 0.22.2-1-ge965b3a (webtiles) character file.

93 smallpebble the Skirmisher (level 4, -2/40 HPs)
             Began as a Hill Orc Fighter on Apr 6, 2019.
             Killed by divine providence
             ... invoked by an orc priest
              (7 damage)
             ... on level 3 of the Dungeon.
             The game lasted 00:09:15 (1626 turns).

smallpebble the Skirmisher (Hill Orc Fighter)       Turns: 1626, Time: 00:09:16

Health: -2/40      AC: 12    Str: 19    XL:     4   Next: 61%
Magic:  4/4        EV:  3    Int:  8    God:
Gold:   91         SH:  9    Dex: 10    Spells: 3/3 levels left

rFire    . . .     SeeInvis .   r - +2 dagger (speed)
rCold    . . .     Gourm    .   v - +0 shield
rNeg     . . .     Faith    .   o - +0 plate armour
rPois    .         Spirit   .   (no helmet)
rElec    .         Reflect  .   (no cloak)
rCorr    .         Harm     .   (no gloves)
MR       .....                  m - +0 pair of boots
Stlth    ..........             (no amulet)
HPRegen  0.13/turn              (no ring)
MPRegen  0.09/turn              (no ring)

@: no status effects
A: no striking features
a: Convert to Beogh


You were on level 3 of the Dungeon.
You were not hungry.

You visited 1 branch of the dungeon, and saw 3 of its levels.

You collected 91 gold pieces.

Inventory:

Hand Weapons
 a - a +0 long sword
 r - a +2 dagger of speed (weapon)
 t - a +0 dagger of flaming
Missiles
 j - 7 bolts
Armour
 b - a +0 scale mail
 c - a +0 shield
 m - a +0 pair of boots (worn)
 o - a +0 plate armour (worn)
 u - a cursed +0 leather armour
 v - a +0 shield (worn)
Scrolls
 g - 2 scrolls of random uselessness {unknown}
 i - a scroll of enchant weapon {unknown}
 k - a scroll of teleportation {unknown}
 l - 2 scrolls of magic mapping {unknown}
 n - 2 scrolls of remove curse {unknown}
 p - a scroll of identify
 q - a scroll of fear {unknown}
 s - a scroll of noise {unknown}
Potions
 d - a potion of might
 e - 2 potions of curing
 h - a potion of magic {unknown}
Comestibles
 f - 4 rations


   Skills:
 + Level 4.1 Fighting
 + Level 0.4(1.8) Short Blades
 + Level 3.2(3.3) Long Blades
 + Level 3.9 Armour
 + Level 0.8 Dodging
 + Level 4.0 Shields


You had 3 spell levels left.
You didn't know any spells.
Your spell library was empty.

Dungeon Overview and Level Annotations

Branches:
Dungeon (2/15)

Altars:
Hepliaklqana


Message History

The orc priest hits you with a morningstar.
* * * LOW HITPOINT WARNING * * *
You hit the orc priest but do no damage.
The orc priest is lightly wounded.
You closely miss the orc priest.
The orc priest is lightly wounded.
The orc priest invokes the aid of Beogh against you.
Beogh smites you!
* * * LOW HITPOINT WARNING * * *
You hit the orc priest.
The orc priest is moderately wounded.
The orc priest looks satisfied for a moment.
You hit the orc priest.
The orc priest is heavily wounded.
The orc priest shouts, "Join the one true god or die!"
You hit the orc priest.
The orc priest is severely wounded.
The orc priest calls down the wrath of Beogh upon you.
Beogh smites you!
You die...

..################.
...........@o......
...#.#.###########
#.............
###.##.....###
#.##.....#
#.##.....#
#.#.......#
.#.#.....#.. #
#.#.#.#.#.


You could see an orc priest.

Vanquished Creatures
  An orc wizard (D:3)
  An adder (D:2)
  A worm (D:2)
  A dart slug (D:1)
  A leopard gecko (D:1)
  2 orcs (D:3)
  4 bats (D:1)
  2 giant cockroaches
  7 hobgoblins
  3 jackals (D:2)
  3 frilled lizards
  9 goblins
  6 kobolds
  4 rats (D:1)
45 creatures vanquished.

Notes
Turn   | Place    | Note
-------+----------+-------------------------------------------
     0 | D:1      | smallpebble the Hill Orc Fighter began the quest for the
                  | Orb.
     0 | D:1      | Reached XP level 1. HP: 19/19 MP: 1/1
    75 | D:1      | Reached XP level 2. HP: 24/27 MP: 2/2
   855 | D:2      | Reached XP level 3. HP: 33/33 MP: 3/3
  1238 | D:2      | Found a hazy altar of Hepliaklqana.
  1449 | D:2      | Reached XP level 4. HP: 36/40 MP: 4/4
  1594 | D:2      | You fall through a shaft!
  1616 | D:3      | HP: 2/40 [orc priest/divine providence (17)]
  1626 | D:3      | Killed from afar by an orc priest

Skill      XL: |  1  2  3  4 |
---------------+-------------+-----
Fighting       | 4 |  4.1
Long Blades    | 3 |  3.2
Shields        | 4 |  4.0
Short Blades   | |  0.4
Armour         | |  3.9
Dodging        | |  0.8

Action                   |  1- 3 |  4- 6 || total
-------------------------+-------+-------++-------
Melee: Long sword        |   122 |       ||   122
       Dagger            |    21 |    25 ||    46
  Use: Scroll            |     1 |     1 ||     2
       Potion            |       |     1 ||     1
  Eat: Ration            |       |     1 ||     1
Armor: Scale mail        |    33 |       ||    33
       Plate armour      |    32 |     6 ||    38
Dodge: Dodged            |    40 |     2 ||    42
Block: Shield            |    70 |     3 ||    73
       Rpst.: Long sword |     9 |       ||     9
